 Dungeon Crawl Stone Soup version 0.30-a0-949-g53dc5368d7 (webtiles) character file.

Game seed: 15218829061804480140

260 NotreDorf the Conjurer (level 5, -1/28 HPs)
             Began as a Deep Elf Conjurer on Mar 27, 2023.
             Was a Follower of Sif Muna.
             Slain by a sleepcap (7 damage)
             ... on level 5 of the Dungeon.
             The game lasted 00:14:15 (3651 turns).

NotreDorf the Conjurer (Deep Elf Conjurer)          Turns: 3651, Time: 00:14:15

Health: -1/28      AC:  4    Str:  4    XL:     5   Next: 95%
Magic:  1/14       EV: 13    Int: 25    God:    Sif Muna [*.....]
Gold:   127        SH:  0    Dex: 13    Spells: 3/13 levels left

rFire   . . .      SeeInvis .    f - +0 dagger
rCold   . . .      Faith    .    (no shield)
rNeg    . . .      Spirit   .    t - +0 robe {rPois}
rPois   +          Reflect  .    g - +0 helmet
rElec   .          Rampage  .    (no cloak)
rCorr   .                        k - +0 pair of gloves
Will    .....                    (no boots)
Stlth   +++                      (no amulet)
HPRegen 0.24/turn                (no ring)
MPRegen 0.14/turn                (no ring)

@: no status effects
A: no striking features
a: Renounce Religion, Channel Magic


You were on level 5 of the Dungeon.
You worshipped Sif Muna.
Sif Muna was aware of your devotion.
You visited 1 branch of the dungeon, and saw 5 of its levels.

You collected 192 gold pieces.
You spent 65 gold pieces at shops.

Inventory:

Hand Weapons
 f - a +0 dagger (weapon)
Missiles
 c - 7 boomerangs (quivered)
 q - a throwing net
Armour
 g - a +0 helmet (worn)
 k - a +0 pair of gloves (worn)
 t - a +0 robe of poison resistance (worn)
Jewellery
 j - a ring of flight
 m - a ring of protection from fire
Scrolls
 a - a scroll of enchant weapon {unknown}
 e - 2 scrolls of teleportation {unknown}
 h - a scroll of poison {unknown}
 i - a scroll of vulnerability {unknown}
 n - a scroll of fear {unknown}
 p - a scroll of torment {unknown}
 r - 3 scrolls of identify {unknown}
 s - a scroll of noise {unknown}
Potions
 b - a potion of magic
 d - 3 potions of curing {unknown}
 l - a potion of heal wounds {unknown}
 o - a potion of might {unknown}


   Skills:
 + Level 4.2 Dodging
 + Level 4.5 Stealth
 + Level 4.8 Spellcasting
 + Level 5.5 Conjurations


You had 3 spell levels left.
You knew the following spells:

 Your Spells              Type           Power      Damage    Failure   Level
a - Magic Dart            Conj           100%       1d8       1%          1
b - Searing Ray           Conj           66%        2d6       1%          2
c - Dazzling Flash        Conj/Hex       38%        N/A       9%          3
d - Iskenderun's Mystic   Conj/Tloc      19%        2d6       26%         4

Your spell library contained the following spells:

 Spells                   Type           Power      Damage    Failure   Level
 Kiss of Death            Conj/Necr      76%        2d11      2%          1
 Beastly Appendage        Tmut           12%        N/A       9%          1
 Lesser Beckoning         Tloc           12%        N/A       13%         2
 Wereblood                Tmut           6%         N/A       13%         2
 Confusing Touch          Hex            6%         N/A       26%         3
 Gell's Gravitas          Tloc           6%         N/A       26%         3
 Spider Form              Tmut/Pois      6%         N/A       26%         3
 Teleport Other           Tloc           6%         N/A       26%         3
 Fulminant Prism          Conj/Hex       9%         3d7       26%         4
 Dispel Undead            Necr           6%         3d8       63%         4


Dungeon Overview and Level Annotations

Branches:
Dungeon (5/15)
 Temple: D:4-7

Altars:
Fedhas
Sif Muna

Shops:
D:1 *   D:4 *


Message History

The magic dart hits the orc.
You kill the orc!
Sif Muna accepts your kill.
Casting: Magic Dart (safe; 1% risk of failure)
Confirm with . or Enter, or press ? or * to list all spells.
Aiming: Magic Dart (safe; 1% risk of failure)
Press: ? - help, Shift-Dir - straight line, f - sleepcap
Aim: a sleepcap (100% to hit)
The magic dart hits the sleepcap!
The sleepcap is moderately damaged.
The sleepcap releases spores at you.
You are engulfed in a cloud of soporific spores!
You fall asleep.
The sleepcap releases spores at you.
You wake up.
Casting: Magic Dart (safe; 1% risk of failure)
Confirm with . or Enter, or press ? or * to list all spells.
Aiming: Magic Dart (safe; 1% risk of failure)
Press: ? - help, Shift-Dir - straight line, f/p - sleepcap
Aim: a sleepcap (moderately damaged, 100% to hit)
The magic dart hits the sleepcap but does no damage.
The sleepcap is moderately damaged.
The sleepcap releases spores at you!
* * * LOW HITPOINT WARNING * * *
The sleepcap attacks as you move away! The sleepcap closely misses you.
Casting: Magic Dart (safe; 1% risk of failure)
Confirm with . or Enter, or press ? or * to list all spells.
Aiming: Searing Ray (safe; 1% risk of failure)
Press: ? - help, Shift-Dir - straight line, f/p - sleepcap
Aim: a sleepcap (moderately damaged, 100% to hit)
The searing ray hits the sleepcap.
The sleepcap is heavily damaged.
The searing ray hits the plant!
The plant begins to die.
The plant is lightly damaged. (Press . to maintain the ray.)
The sleepcap releases spores at you but does no damage.
A phantom comes into view.
Without enough magic to sustain it, your searing ray dissipates.
The sleepcap closely misses you. The sleepcap releases spores at you!
You die...

........ ..
......##.. ##.
#.W...... #..#
.....). .....
#....# .....
#..)## ......
#.)#P##..#
......##.)~~~..#
#..@f~P~P♣.#
#.#..♣P~~♣
#..<♣♣~~P~..
#.......♣
~~~~...
.......#~
≈~~~... ###....
~~≈~~.... ....#.
~~≈~P~..~
#..#..~ ≈≈≈~
...#..♣ P≈≈~~


You could see a phantom and a sleepcap.

Vanquished Creatures
  A jelly (D:3)
  3 hounds (D:4)
  An iguana (D:4)
  3 adders
  3 worms
  3 dart slugs (D:1)
  11 orcs
  2 bats (D:2)
  5 endoplasms
  2 giant cockroaches
  3 hobgoblins (D:3)
  2 quokkas
  8 ball pythons
  6 goblins
  2 kobolds
  10 rats
65 creatures vanquished.

Vanquished Creatures (others)
  2 plants
2 creatures vanquished.

Grand Total: 67 creatures vanquished

Notes
Turn   | Place    | Note
-------+----------+-------------------------------------------
     0 | D:1      | NotreDorf the Deep Elf Conjurer began the quest for the
                  | Orb.
     0 | D:1      | Reached XP level 1. HP: 10/10 MP: 6/6
   186 | D:1      | Found Qimahi's General Store.
   395 | D:1      | Reached XP level 2. HP: 15/15 MP: 5/8
   789 | D:2      | Learned a level 2 spell: Searing Ray
   835 | D:2      | Reached XP level 3. HP: 19/19 MP: 0/10
   986 | D:2      | Found a blossoming altar of Fedhas.
  1210 | D:2      | Found a faded altar of an unknown god.
  1680 | D:3      | Noticed an orc warrior
  1741 | D:2      | Learned a level 3 spell: Dazzling Flash
  1793 | D:3      | Found a shimmering blue altar of Sif Muna.
  1801 | D:3      | Became a worshipper of Sif Muna the Loreminder
  1924 | D:3      | Reached XP level 4. HP: 24/24 MP: 9/11
  2333 | D:3      | Reached skill level 5 in Conjurations
  2449 | D:3      | Learned a level 4 spell: Iskenderun's Mystic Blast
  2685 | D:4      | Reached XP level 5. HP: 28/28 MP: 6/13
  2777 | D:4      | Reached * piety under Sif Muna
  3257 | D:4      | Found Lofikk's Serpentskin Sales.
  3262 | D:4      | Bought a +0 robe of poison resistance for 65 gold pieces
  3623 | D:5      | Entered Level 5 of the Dungeon
  3649 | D:5      | Noticed a phantom
  3651 | D:5      | Slain by a sleepcap

Illustrated notes

Levels and vault maps discovered:
D:1:      dpeg_arrival_brainrot, layout_rooms, serial_shops,
          nicolae_lakefront_shop, minmay_distorted
D:2:      layout_rooms, shapermc_ecumenical_altar_venn, basic_altar
D:3:      layout_loops_corners, marbit_many_paths, kennysheep_generic_room_16
D:4:      nicolae_cairo_tiling_large, layout_loops_ring, serial_bayou_pond_a,
          guppyfry_shop_venom
D:5:      layout_cave_pools, mainiacjoe_overflow_boulevard,
          minmay_temple_entry_arrows, serial_bayou, serial_bayou_ford_a,
          serial_bayou_pond_d, serial_bayou_pond_c, serial_bayou_pond_b,
          serial_bayou_shore_a, ebering_ghost_reflecting_pool

Skill      XL: |  1  2  3  4  5 |
---------------+----------------+-----
Dodging        | 3 4 |  4.2
Stealth        | 3 4 |  4.5
Spellcasting   | 4 |  4.8
Conjurations   | 5 |  5.5

Action                     |  1- 3 |  4- 6 || total
---------------------------+-------+-------++-------
  Melee: Unarmed           |     2 |       ||     2
         Dagger            |       |     3 ||     3
   Cast: Magic Dart        |    78 |    72 ||   150
         Searing Ray       |       |     3 ||     3
 Armour: Robe              |     2 |     3 ||     5
  Dodge: Dodged            |     5 |    25 ||    30

Table legend: (Time is in decaauts)
 A = Elapsed time spent in this place.
 B = Non-inter-level travel time spent in this place.
 C = Inter-level travel time spent in this place.
 D = Time resting spent in this place.
 E = Time spent auto-exploring this place.
 F = Levels seen in this place.
 G = Mean time per level.
                   A        B        C        D        E       F      G
               +--------+--------+--------+--------+--------+-----+--------+
         Total |   3651 |   3528 |    123 |     62 |   2960 |   5 |  730.2 |
       Dungeon |   3651 |   3528 |    123 |     62 |   2960 |   5 |  730.2 |
               +--------+--------+--------+--------+--------+-----+--------+

Top non-repeatable levels by time:
     D:3: 1257 daAuts
     D:4: 977 daAuts
     D:1: 844 daAuts
     D:2: 544 daAuts
     D:5: 27 daAuts
